Map: Abyssal Reef LE

Players

MMA

  • Race: Terran Terran
  • League: Diamond
  • Spawn Location: 11:00

Harstem - Winner!

  • Race: Protoss Protoss
  • League: Master
  • Spawn Location: 5:00

Event: HomeStory Cup XVI

VOD

Have the link to the VOD?

Description

Time

  • Played on: Nov. 9, 2017, 6:29 a.m.
  • Length: 12:44

All games in this series

Show
View Real Time Build Order
Export as new Build Order

MMA Terran 

Build Orders: Reaper Expand, MMM Bio 

Get SALT Encoding   

  12  0:00  SCV  
  13  0:12  SCV  
  14  0:17  Supply Depot  
  14  0:24  SCV  
  15  0:39  SCV  
  15  0:40  Barracks  
  16  0:44  Refinery  
  16  0:51  SCV  
  17  1:03  SCV  
  18  1:15  SCV  
  19  1:27  Reaper, Orbital Command  
  20  1:42  Command Center  
  20  1:53  SCV  
  21  2:00  Barracks Reactor  
  21  2:01  Engineering Bay  
  21  2:05  SCV  
  22  2:09  Supply Depot  
  22  2:17  SCV  
  23  2:28  Missile Turret  
  23  2:31  SCV  
  23  2:35  Marine  
  23  2:36  Marine  
  26  2:38  Bunker  
  26  2:43  SCV  
  27  2:53  Marine  
  27  2:54  Orbital Command, Marine  
  27  2:55  SCV  
  29  3:03  Barracks  
  28  3:10  SCV  
  28  3:11  Marine  
  28  3:12  Marine  
  30  3:26  Supply Depot  
  30  3:29  SCV x2, Marine x2  
  34  3:34  Terran Infantry Weapons Level 1  
  34  3:38  Refinery  
  34  3:42  SCV  
  34  3:43  SCV  
  34  3:47  Marine x2  
  37  3:53  Factory  
  37  3:55  SCV x2  
  39  4:01  Bunker  
  39  4:07  SCV  
  39  4:08  SCV  
  35  4:14  Marine x2  
  35  4:16  Barracks Tech Lab  
  36  4:19  SCV  
  36  4:22  Missile Turret  
  37  4:25  SCV  
  37  4:31  SCV  
  39  4:32  Marine x2  
  39  4:34  Marine  
  39  4:36  Stimpack  
  39  4:38  SCV  
  42  4:42  Supply Depot  
  42  4:43  SCV  
  42  4:45  Starport  
  43  4:50  Factory Reactor  
  43  4:51  SCV  
  44  4:55  SCV  
  44  4:58  Marine x3  
  48  5:03  SCV  
  48  5:05  Supply Depot  
  49  5:07  SCV  
  49  5:11  Orbital Command  
  48  5:15  Marine  
  48  5:16  SCV, Marine x2  
  48  5:19  SCV  
  53  5:23  Barracks  
  53  5:28  Terran Infantry Armor Level 1  
  53  5:31  SCV  
  54  5:37  Medivac x2  
  54  5:40  Marine x2  
  54  5:41  Marine  
  62  5:42  SCV  
  62  5:43  SCV  
  62  5:49  Supply Depot  
  63  5:56  Bunker  
  63  5:58  Refinery, SCV  
  63  5:59  SCV  
  65  6:07  Bunker  
  65  6:11  SCV x2  
  67  6:12  Marauder, Marine x2  
  67  6:18  Factory Tech Lab  
  67  6:21  Medivac  
  67  6:22  Medivac  
  70  6:26  SCV x2  
  70  6:30  Marine x2  
  71  6:33  Marauder  
  71  6:38  SCV  
  71  6:42  Siege Tank  
  73  6:48  Marine x2  
  73  6:51  SCV x2  
  77  6:54  Barracks Tech Lab  
  77  6:57  Marauder  
  77  7:00  Refinery  
  78  7:02  Supply Depot  
  78  7:07  Barracks  
  78  7:08  Barracks  
  78  7:13  Supply Depot, Marine x2  
  80  7:18  Marauder, Siege Tank  
  85  7:23  SCV  
  85  7:24  Marauder, SCV  
  85  7:29  Combat Shields  
  89  7:31  Marine x2  
  89  7:34  Supply Depot  
  89  7:36  Supply Depot, SCV x2  
  92  7:47  Marauder x2  
  92  7:48  Marine x2  
  100  7:53  Supply Depot  
  100  7:55  Barracks Tech Lab  
  100  7:56  Barracks Reactor  
  100  7:58  Liberator  
  100  8:00  Siege Tank  
  100  8:02  Liberator  
  101  8:06  Marine x2  
  101  8:09  Marauder x2  
  107  8:18  Supply Depot  
  107  8:19  Supply Depot  
  113  8:26  Marauder  
  114  8:30  Marauder  
  114  8:32  Marauder  
  115  8:34  Marine x3  
  115  8:35  Marine  
  118  8:42  Supply Depot  
  118  8:45  Concussive Shells  
  118  8:47  Marauder  
  120  8:50  Siege Tank  
  120  8:51  Marine  
  120  8:54  Marauder  
  120  8:55  Supply Depot  
  126  9:01  Marine x4  
  130  9:08  Marauder  
  130  9:09  Marauder  
  127  9:15  Marauder  
  127  9:19  Marine x2  
  129  9:24  Marine x2  
  129  9:26  Viking  
  129  9:30  Marauder  
  129  9:31  Marauder  
  137  9:36  Marauder  
  137  9:37  Marine x2  
  140  9:42  Marine x2  
  142  9:51  Marauder  
  142  9:52  Marauder  
  146  9:54  Marine x2  
  146  9:58  Marauder  
  146  10:00  Marine x2  
  134  10:12  Marine x2  
  134  10:13  Marauder x2  
  134  10:18  Marine x2  
  134  10:19  Marauder  
  137  10:24  Viking  
  137  10:25  Viking  
  141  10:29  SCV x2  
  141  10:30  Marine  
  141  10:34  Marauder  
  146  10:35  Siege Tank  
  149  10:47  SCV x2  
  126  10:53  Marauder  
  126  10:55  Marauder  
  100  10:59  SCV x2  
  79  11:14  Marauder  
  79  11:15  Marine x2  
  79  11:16  Marine x2  
  79  11:17  Marauder, Barracks Tech Lab  
  76  11:26  Orbital Command  
  71  11:33  Marine x2  
  71  11:38  Marine x3  
  71  11:39  Marauder  
  74  11:49  Marauder  
  74  11:51  Orbital Command  
  76  11:55  Marine  
  76  11:56  Marine  
  78  12:03  Marauder  
  82  12:08  Marauder  
Show
View Real Time Build Order
Export as new Build Order

Harstem Protoss - Winner!

Build Orders: Oracle Opening 

Get SALT Encoding   

  12  0:08  Pylon  
  13  0:15  Probe (Chrono Boost)  
  13  0:26  Probe (Chrono Boost)  
  13  0:27  Gateway  
  13  0:34  Probe (Chrono Boost)  
  15  0:45  Assimilator  
  15  0:46  Probe (Chrono Boost)  
  16  0:50  Assimilator  
  17  0:58  Probe (Chrono Boost)  
  17  1:10  Probe (Chrono Boost)  
  18  1:14  Cybernetics Core  
  18  1:22  Probe (Chrono Boost)  
  19  1:27  Pylon  
  20  1:34  Probe (Chrono Boost)  
  20  1:46  Probe (Chrono Boost)  
  21  1:50  Stargate  
  21  1:52  Adept  
  23  1:58  Probe (Chrono Boost)  
  23  2:00  Warp Gate  
  24  2:10  Probe (Chrono Boost)  
  24  2:12  Pylon  
  25  2:16  Oracle  
  25  2:20  Adept  
  29  2:56  Oracle  
  33  3:00  Probe (Chrono Boost)  
  33  3:12  Probe (Chrono Boost)  
  34  3:24  Nexus  
  34  3:25  Probe (Chrono Boost)  
  34  3:26  Pylon  
  35  3:37  Probe (Chrono Boost), Twilight Council  
  37  3:49  Probe (Chrono Boost)  
  37  3:55  Gateway  
  37  3:57  Gateway  
  37  4:01  Probe (Chrono Boost)  
  38  4:05  Blink  
  38  4:13  Probe (Chrono Boost)  
  40  4:25  Probe (Chrono Boost)  
  40  4:33  Probe (Chrono Boost)  
  40  4:34  Probe (Chrono Boost)  
  40  4:38  Shield Battery  
  42  4:40  Probe (Chrono Boost)  
  42  4:42  Probe (Chrono Boost)  
  44  4:45  Stalker  
  47  4:55  Stalker x2  
  47  4:56  Probe (Chrono Boost)  
  47  4:58  Probe (Chrono Boost)  
  52  5:02  Pylon  
  53  5:08  Probe (Chrono Boost)  
  53  5:13  Probe (Chrono Boost)  
  54  5:18  Pylon  
  55  5:21  Probe (Chrono Boost), Robotics Facility  
  55  5:24  Pylon  
  56  5:30  Stalker x2  
  56  5:34  Stalker  
  61  5:38  Probe (Chrono Boost)  
  61  5:41  Probe (Chrono Boost)  
  63  5:43  Assimilator  
  63  5:45  Pylon  
  64  5:50  Probe (Chrono Boost)  
  64  5:53  Probe (Chrono Boost)  
  64  5:56  Sentry  
  67  5:59  Assimilator  
  67  6:02  Probe (Chrono Boost)  
  69  6:05  Probe (Chrono Boost)  
  69  6:07  Pylon  
  69  6:09  Forge  
  70  6:19  Probe (Chrono Boost)  
  70  6:20  Warp Prism  
  70  6:23  Robotics Bay  
  72  6:30  Probe (Chrono Boost)  
  72  6:32  Charge  
  73  6:35  Protoss Ground Weapons Level 1  
  73  6:42  Stalker x2  
  77  6:53  Colossus  
  77  6:55  Nexus  
  77  7:00  Sentry  
  80  7:02  Probe (Chrono Boost)  
  80  7:06  Probe (Chrono Boost)  
  81  7:08  Gateway  
  81  7:10  Gateway  
  87  7:18  Shield Battery, Probe (Chrono Boost)  
  87  7:21  Pylon  
  88  7:25  Probe (Chrono Boost)  
  88  7:29  Extended Thermal Lance  
  89  7:34  Gateway  
  89  7:35  Probe (Chrono Boost)  
  91  7:38  Probe (Chrono Boost)  
  91  7:47  Probe (Chrono Boost)  
  91  7:48  Colossus  
  91  7:50  Zealot x2, Probe (Chrono Boost)  
  97  7:58  Shield Battery  
  98  8:07  Probe (Chrono Boost), Pylon  
  98  8:08  Probe (Chrono Boost)  
  98  8:10  Probe (Chrono Boost)  
  106  8:16  Gateway  
  106  8:17  Zealot x2  
  106  8:19  Probe (Chrono Boost)  
  111  8:22  Protoss Ground Armor Level 1  
  111  8:30  Probe (Chrono Boost)  
  111  8:31  Stalker x3  
  111  8:32  Probe (Chrono Boost)  
  118  8:40  Zealot x2  
  123  8:41  Pylon  
  121  8:49  Colossus  
  121  8:52  Pylon  
  127  9:02  Gateway  
  127  9:03  Gateway  
  127  9:05  Dark Shrine  
  123  9:11  Zealot x5  
  131  9:20  Probe (Chrono Boost)  
  131  9:22  Pylon  
  132  9:24  Pylon  
  132  9:30  Probe (Chrono Boost)  
  133  9:32  Pylon  
  133  9:34  Pylon  
  133  9:38  Pylon  
  131  9:39  Pylon  
  131  9:41  Zealot x5  
  141  9:48  Shield Battery  
  141  9:53  Zealot x2  
  145  10:00  Shield Battery  
  145  10:06  Zealot x5, Pylon  
  135  10:22  Dark Templar x2  
  139  10:28  Dark Templar x2  
  139  10:29  Zealot x3  
  150  10:36  Probe (Chrono Boost)  
  150  10:37  Probe (Chrono Boost)  
  150  10:38  Probe (Chrono Boost)  
  117  10:51  Probe (Chrono Boost)  
  117  10:53  Stalker x3, Probe (Chrono Boost)  
  117  10:54  Probe (Chrono Boost)  
  117  10:55  Colossus  
  105  11:02  Stalker x2  
  105  11:03  Stalker x2, Probe (Chrono Boost)  
  102  11:16  Zealot x3  
  97  11:19  Probe (Chrono Boost)  
  97  11:21  Probe (Chrono Boost)  
  98  11:25  Stalker x2  
  98  11:26  Stalker x2  
  100  11:37  Zealot x2  
  100  11:38  Zealot  
  105  11:48  Nexus  
  105  11:49  Sentry x2  
  105  11:53  Zealot, Dark Templar  
  113  12:00  Zealot, Dark Templar  
  117  12:07  Dark Templar  
  125  12:10  Zealot  
  127  12:18  Zealot, Dark Templar  
  127  12:25  Stalker x3  
  123  12:34  Stalker x3  
  129  12:39  Zealot  
Tags
 
Add a new tag
Caveats
  • Supply blocks, unpowered buildings, or Contaminate may cause inaccurate times.
  • Supply counts are checked every 10 seconds.